 Dungeon Crawl Stone Soup version 0.29.1-13-g9f3cf754e1 (webtiles) character file.

Game seed: 1701319540248559141

9 croobank the Sneak (level 1, 0/18 HPs)
             Began as a Demigod Delver on Jan 24, 2023.
             Slain by an orc priest
             ... wielding a +0 trident
              (3 damage)
             ... on level 3 of the Dungeon.
             The game lasted 00:02:52 (581 turns).

croobank the Sneak (Demigod Delver)                  Turns: 581, Time: 00:02:53

Health: 0/18       AC:  5    Str: 13    XL:     1   Next: 86%
Magic:  3/3        EV: 11    Int: 12    God:
Gold:   96         SH:  0    Dex: 15    Spells: 0/0 levels left

rFire   . . .      SeeInvis .   a - +0 short sword
rCold   . . .      Faith    .   (no shield)
rNeg    . . .      Spirit   .   j - +0 ring mail
rPois   .          Reflect  .   (no helmet)
rElec   .          Harm     .   (no cloak)
rCorr   .          Rampage  .   (no gloves)
Will    .....                   (no boots)
Stlth   +.........              (no amulet)
HPRegen 0.06/turn               (no ring)
MPRegen 0.08/turn               (no ring)

@: silenced
A: high MP 1, forlorn, divine attributes
a: no special abilities


You were on level 3 of the Dungeon.
You visited 1 branch of the dungeon, and saw 4 of its levels.

You collected 96 gold pieces.

Inventory:

Hand Weapons
 a - a +0 short sword (weapon)
Missiles
 i - 2 javelins (quivered)
Armour
 b - a +0 leather armour
 j - a +0 ring mail (worn)
Jewellery
 f - an amulet of regeneration
Wands
 g - a wand of digging (2)
Scrolls
 c - a scroll of fog
 k - 4 scrolls of identify {unknown}
Potions
 e - a potion of might {unknown}
 h - a potion of flight {unknown}


   Skills:
 + Level 2.8 Fighting
 + Level 2.0 Short Blades
 + Level 2.0 Dodging
 + Level 4.6 Stealth


You couldn't memorise any spells.
You didn't know any spells.
Your spell library was empty.

Dungeon Overview and Level Annotations

Branches:
Dungeon (6/15)
 Temple: D:4-7


Innate Abilities, Weirdness & Mutations

You have an increased reservoir of magic. (+10% MP)
You shall have no god before yourself.
Your divine heritage dramatically boosts your attributes as you level up.


Message History

The orc priest miscasts a cantrip.
You see here 2 grey potions.
There is an open door here.
You open the door.
Found a scroll labelled KUMOEKHLE DIFY.
There is an open door here.
You see here a scroll labelled KUMOEKHLE DIFY.
k - 4 scrolls labelled KUMOEKHLE DIFY (gained 1)
As you read the scroll labelled SUWKAR ZIRE, it crumbles to dust.
A profound silence engulfs you.
It was a scroll of silence.
You hit the orc.
The orc is heavily wounded.
The orc closely misses you.
You hit the orc.
You kill the orc!
The orc priest hits you from afar with a +0 trident.
Your Short Blades skill increases to level 2!
Your Dodging skill increases to level 2!
The orc priest hits you with a +0 trident.
You see here a +0 hand axe.
You closely miss the orc priest.
The orc priest hits you but does no damage.
You hit the orc priest.
The orc priest is lightly wounded.
The orc priest hits you with a +0 trident.
You barely miss the orc priest.
The orc priest is lightly wounded.
The orc priest hits you with a +0 trident!
* * * LOW HITPOINT WARNING * * *
Throw: 3 javelins
Press: ? - help, Q - select action Shift-Dir - straight line, f - orc priest
Aim: an orc priest, wielding a +0 trident and wearing a +0 leather armour (silenced, lightly wounded, 59% to hit)
You throw a javelin.
The javelin pierces through the orc priest!
The orc priest is heavily wounded.
The javelin pierces through the orc.
The orc is moderately wounded.
The javelin barely misses the orc priest.
The orc priest hits you with a +0 trident.
You die...

#.......## #.......#
#.......##
###.........
#####.......#...
#...........#...
#...........#...
######.....#######...
#...@o.o.o.(.......##
######.....#.#####.
#######.# #.#####.##
#.o..o.... #......oo.
#...:..o.. #.........
.....##+##


You could see 2 orc priests and an orc.

Vanquished Creatures
  An orc (D:3)
  An endoplasm (D:3)
  A giant cockroach (D:3)
  3 goblins
  A frilled lizard (D:3)
7 creatures vanquished.

Notes
Turn   | Place    | Note
-------+----------+-------------------------------------------
     0 | D:5      | croobank the Demigod Delver began the quest for the Orb.
     0 | D:5      | Reached XP level 1. HP: 18/18 MP: 3/3
    29 | D:5      | Noticed an ogre
    84 | D:4      | Noticed an orc wizard
   105 | D:4      | Noticed a scorpion
   403 | D:3      | Noticed a hound
   558 | D:3      | Noticed an orc priest
   559 | D:3      | Noticed an orc priest
   581 | D:3      | Slain by an orc priest

Illustrated notes

Levels and vault maps discovered:
D:3:      layout_basic, minitemple, item_on_display_a, uniq_ijyb
D:4:      layout_basic
D:5:      layout_loops_ring, lemuel_doored_altar, minmay_temple_entry_glass
D:6:      layout_basic, mainiacjoe_overflow_alcove_2, kennysheep_little_box

Skill      XL: |  1 |
---------------+----+-----
Short Blades   | 2 |  2.0
Dodging        | 2 |  2.0
Fighting       | |  2.8
Stealth        | |  4.6

Action                   || total
-------------------------++-------
Melee: Short sword       ||    29
       Punch             ||     1
Throw: Javelin           ||     1
Evoke: Wand              ||     1
  Use: Scroll            ||     3
       Potion            ||     1
 Stab: Sleeping          ||     3
Armor: Ring mail         ||    11
Dodge: Dodged            ||    24
